cohdb
Replays
Latest Replays
All Replays
Popular Replays
Top Player Replays
Match Explorer
How It Works
Community
CoH3 Stats
Reddit
Sign in to upload your games and track your stats! →
Sign in with Steam
Match 42517856
Unlisted
Match 42517856
Overview
Messages
Build Orders
End
Construct Infanterie Kompanie
Selects Italian Coastal Battlegroup
Selects Coastal Reserves
Coastal Reserve
Construct Infanterie Kompanie
Coastal Reserve
MG 42 Machine Gun Team
Coastal Reserve
GrW 34 Mortar Team
Selects Support Bunkers
MG 42 Bunker
Selects Rapid Fortifications
Rapid Fortifications
MG 42 Bunker
Construct Panzergrenadier Kompanie
Support Elements
Rapid Fortifications
StuG III G Assault Gun
MG 42 Bunker
Selects Bulwark
Selects Artillery Officer
Rapid Fortifications
Coastal Reserve
MG 42 Bunker
MG 42 Bunker
Harrygens
♛ L E O N I D A S
john_wik
CristoMisto
Frankenfreund
DeadPhoenix
Zleg
kingweef
0
0
Comments
sign in to comment!
No comments posted yet!